 Dungeon Sprint DCSS version 0.31-a0-774-g0d66cbabe8 (webtiles) character file.

Game seed: 15828585694635296219

2279 Conn the Arsonist (level 9, 0/55 HPs)
             Began as an Octopode Fire Elementalist on Sept 17, 2023.
             Was a Believer of Sif Muna.
             Slain by a centaur warrior (15 damage)
             ... in the Dungeon (Sprint I: "Red Sonja").
             The game lasted 00:05:24 (789 turns).

Conn the Arsonist (Octopode Fire Elementalist)       Turns: 789, Time: 00:05:27

Health: 0/55       AC:  1    Str:  7    XL:     9   Next: 39%
Magic:  11/25      EV: 15    Int: 21    God:    Sif Muna [**....]
Gold:   870        SH:  0    Dex: 13    Spells: 22/32 levels left

rFire   . . .        h - +1 short sword (venom)
rCold   . . .        (no shield)
rNeg    . . .        (helmet restricted)
rPois   .            (no amulet)
rElec   .            (no ring)
rCorr   .            (no ring)
SInv    .            (no ring)
Will    .....        (no ring)
Stlth   ++++         (no ring)
HPRegen 0.29/turn    (no ring)
MPRegen 0.19/turn    (no ring)
                     (no ring)

%: no teleportation
@: no status effects
A: almost no armour, amphibious, 8 rings, camouflage 1, gelatinous body 1,
(nimble swimmer 1), tentacles
a: Renounce Religion, Channel Magic


You were in the Dungeon.
You worshipped Sif Muna.
Sif Muna was pleased with you.
You visited 1 branch You collected 870 gold pieces.

Inventory:

Hand Weapons
 h - a +1 short sword of venom (weapon)
Missiles
 i - 2 curare-tipped darts (quivered)
Wands
 e - a wand of mindburst (7)
Scrolls
 f - a scroll of blinking
 l - a scroll of enchant weapon {unknown}
Potions
 a - 3 potions of magic
 b - 3 potions of curing
 c - a potion of heal wounds
 d - a potion of haste
 g - a potion of invisibility {unknown}
 j - a potion of lignification {unknown}
 k - a potion of berserk rage
 m - a potion of cancellation {unknown}


   Skills:
 + Level 2.5 Fighting
 + Level 0.5 Throwing
 + Level 5.2 Dodging
 - Level 4.2 Stealth
 * Level 12.4 Spellcasting
 * Level 8.4 Conjurations
 + Level 1.4 Hexes
 + Level 12.5 Fire Magic
 + Level 2.2 Evocations


You had 22 spell levels left.
You knew the following spells:

 Your Spells              Type           Power      Damage    Failure   Level
a - Foxfire               Conj/Fire      100%       2x1d9     1%          1
b - Scorch                Fire           100%       2d9       1%          2
c - Inner Flame           Hex/Fire       42%        N/A       1%          3
d - Flame Wave            Conj/Fire      54%        2d13      1%          4

Your spell library contained the following spells:

 Spells                   Type           Power      Damage    Failure   Level
 Volatile Blastmotes      Fire/Tloc      78%        2d16      1%          3


Dungeon Overview and Level Annotations

Branches:
Dungeon (1/1)

Altars:
Cheibriados
Dithmenos
Elyvilon
Fedhas
Gozag
Hepliaklqana
Kikubaaqudgha
Makhleb
Nemelex Xobeh
Okawaru
Qazlal
Ru
Sif Muna
Trog
Uskayaw
Vehumet
Wu Jian
Xom
Yredelemnul
Zin
The Shining One
Jiyva
Lugonu

Shops:
D [![


Innate Abilities, Weirdness & Mutations

You cannot wear most types of armour.
You are amphibious.
You can wear up to eight rings at the same time.
Your skin changes colour to match your surroundings (Stealth+).
Your rubbery body absorbs attacks. (AC +1, EV +1)
((You are camouflaged when in or above water. (Stealth+)))
You have tentacles for arms and can constrict up to eight enemies at once.


Message History

Confirm with . or Enter, or press ? or * to list all spells.
Okay, then.
Okay, then.
Unknown command.
Unknown command.
Casting: Foxfire (safe; 1% risk of failure)
Confirm with . or Enter, or press ? or * to list all spells.
Casting: Flame Wave (dangerous; 1% risk of failure)
Press: ? - help, Dir - look around, f - activate A wave of flame ripples out!
The flame wave engulfs your foxfire.
Your foxfire completely resists.
The flame wave engulfs the centaur warrior!
The centaur warrior is heavily wounded. (Press . to intensify the flame waves.)
The centaur warrior unwields a +0 shortbow.
The centaur warrior hits you! The centaur warrior kicks you.
A wave of flame ripples out!
The flame wave engulfs your foxfire.
Your foxfire completely resists.
The flame wave engulfs the centaur warrior!
The centaur warrior is severely wounded.
The centaur warrior hits you. The centaur warrior barely misses you.
Unknown command.
A wave of flame ripples out!
The flame wave engulfs your foxfire.
Your foxfire completely resists.
The flame wave engulfs the centaur warrior!
The centaur warrior is almost dead.
You finish channelling waves of flame.
The centaur warrior hits you. The centaur warrior kicks you.
* * * LOW HITPOINT WARNING * * *
Unknown command.
Casting: Flame Wave (dangerous; 1% risk of failure)
Confirm with . or Enter, or press ? or * to list all spells.
Casting: Flame Wave (dangerous; 1% risk of failure)
Press: ? - help, Dir - look around, f - activate A wave of flame ripples out!
The flame wave engulfs the centaur warrior.
The centaur warrior is almost dead. (Press . to intensify the flame waves.)
The centaur warrior hits you!
You die...

##########################
#<.#).'..#..'..#__#.))...#
#..'..#..').#..'..'..#...#
#.[#####'#####'#__####...+
#..####..#...#@#### #####
#).#__####..##c#
#..#_____##†#_.§§§§v.+
#⌠⌠#_.∩...'..._#§§§c§#
####_..__##_.#'##+####
#_____###'#.#...[###
############.####'###.##
#∩........'.§.'.....'.∩#
###++++####...##########


You could see a centaur warrior (very poisoned, slow).

Vanquished Creatures
  Sonja (D)
  A deep troll (D)
  2 kobold demonologists (D)
  A slime creature (D)
  Sigmund (D)
  A yak (D)
  A floating eye (D)
  An ogre (D)
  A jelly (D)
  Ijyb (D)
11 creatures vanquished.

Vanquished Creatures (others)
  2 ballistomycete spores (D)
  33 foxfires (D)
35 creatures vanquished.

Grand Total: 46 creatures vanquished

Notes
Turn   | Place    | Note
-------+----------+-------------------------------------------
     0 | D        | Conn the Octopode Fire Elementalist began the quest for the
                  | Orb.
     0 | D        | Reached XP level 1. HP: 11/11 MP: 3/3
     4 | D        | Noticed Ijyb
     8 | D        | Killed Ijyb
     9 | D        | Reached XP level 2. HP: 16/17 MP: 0/6
    57 | D        | Learned a level 2 spell: Scorch
    62 | D        | Noticed an ogre
    73 | D        | Killed an ogre
    74 | D        | Reached XP level 3. HP: 7/22 MP: 0/9
    74 | D        | Reached XP level 4. HP: 9/27 MP: 0/10
   158 | D        | Learned a level 3 spell: Inner Flame
   163 | D        | Learned a level 4 spell: Flame Wave
   177 | D        | Noticed Sigmund
   181 | D        | Killed Sigmund
   182 | D        | Reached skill level 1 in Fighting
   182 | D        | Reached skill level 5 in Conjurations
   182 | D        | Reached skill level 1 in Evocations
   182 | D        | Reached XP level 5. HP: 33/33 MP: 4/14
   182 | D        | Reached XP level 6. HP: 38/38 MP: 4/15
   267 | D        | Found a shimmering blue altar of Sif Muna.
   268 | D        | Found an ornate altar of the Wu Jian Council.
   269 | D        | Found a radiant altar of Vehumet.
   273 | D        | Became a worshipper of Sif Muna the Loreminder
   316 | D        | Found Xagueh's Distillery.
   316 | D        | Found an ancient bone altar of Kikubaaqudgha.
   316 | D        | Found a hazy altar of Hepliaklqana.
   316 | D        | Found a stormy altar of Qazlal.
   316 | D        | Found a hide-covered altar of Uskayaw.
   316 | D        | Found a blossoming altar of Fedhas.
   316 | D        | Found a bloodstained altar of Trog.
   316 | D        | Found an iron altar of Okawaru.
   316 | D        | Found a basalt altar of Yredelemnul.
   316 | D        | Found a glowing golden altar of the Shining One.
   316 | D        | Found a snail-covered altar of Cheibriados.
   316 | D        | Found a sacrificial altar of Ru.
   316 | D        | Found a glowing silver altar of Zin.
   316 | D        | Found a shadowy altar of Dithmenos.
   316 | D        | Found a white marble altar of Elyvilon.
   316 | D        | Noticed a yak
   320 | D        | Killed a yak
   321 | D        | Reached XP level 7. HP: 39/43 MP: 7/18
   321 | D        | Found an opulent altar of Gozag.
   322 | D        | Found a sparkling altar of Nemelex Xobeh.
   394 | D        | Found a burning altar of Makhleb.
   394 | D        | Found a viscous altar of Jiyva.
   394 | D        | Found a shimmering altar of Xom.
   394 | D        | Found a corrupted altar of Lugonu.
   394 | D        | Noticed a slime creature
   408 | D        | Killed a slime creature
   408 | D        | Reached * piety under Sif Muna
   409 | D        | Reached skill level 10 in Fire Magic
   462 | D        | Noticed a kobold demonologist
   465 | D        | Noticed a kobold demonologist
   469 | D        | Killed a kobold demonologist
   469 | D        | Killed a kobold demonologist
   469 | D        | Reached ** piety under Sif Muna
   470 | D        | Reached skill level 10 in Spellcasting
   470 | D        | Reached skill level 1 in Hexes
   470 | D        | Reached XP level 8. HP: 50/50 MP: 3/22
   609 | D        | Noticed Sonja
   611 | D        | Killed Sonja
   612 | D        | Reached skill level 5 in Dodging
   612 | D        | Reached XP level 9. HP: 55/55 MP: 17/24
   688 | D        | Found Votaug's Armour Boutique.
   708 | D        | Noticed a deep troll
   720 | D        | Killed a deep troll
   738 | D        | Found Xijiaffu's Armour Emporium.
   772 | D        | Noticed a centaur warrior
   789 | D        | Slain by a centaur warrior

Illustrated notes

Levels and vault maps discovered:
D:        dungeon_sprint_1 [red_sonja_temple_1, red_sonja_temple_small_1]

Skill      XL: |  1  2  3  4  5  6  7  8  9 |
---------------+----------------------------+-----
Stealth        | 3 4 |  4.2
Spellcasting   | 3 4 6 8 10 11 12 | 12.4
Conjurations   | 2 3 5 7 8 |  8.4
Fire Magic     | 4 6 8 9 11 12 | 12.5
Dodging        | 3 4 5 |  5.2
Fighting       | 1 2 |  2.5
Evocations     | 1 2 |  2.2
Hexes          | 1 |  1.4
Throwing       | |  0.5

Action                     |  1- 3 |  4- 6 |  7- 9 || total
---------------------------+-------+-------+-------++-------
  Melee: Unarmed           |     3 |       |       ||     3
         Constrict         |     1 |       |       ||     1
         Tentacles         |     1 |       |       ||     1
  Throw: Dart              |       |       |     6 ||     6
   Cast: Foxfire           |     3 |     4 |    16 ||    23
         Scorch            |     2 |     5 |     5 ||    12
         Flame Wave        |       |     1 |     4 ||     5
         Inner Flame       |       |       |     2 ||     2
  Evoke: Wand              |     2 |       |       ||     2
    Use: Potion            |     1 |       |       ||     1
 Armour: Skin              |     2 |     1 |     8 ||    11
  Dodge: Dodged            |     1 |     2 |     1 ||     4

Table legend: (Time is in decaauts)
 A = Elapsed time spent in this place.
 B = Non-inter-level travel time spent in this place.
 C = Inter-level travel time spent in this place.
 D = Time resting spent in this place.
 E = Time spent auto-exploring this place.
 F = Levels seen in this place.
 G = Mean time per level.
                   A        B        C        D        E       F      G
               +--------+--------+--------+--------+--------+-----+--------+
         Total |    797 |    797 |      0 |    421 |      0 |   1 |  797.0 |
       Dungeon |    797 |    797 |      0 |    421 |      0 |   1 |  797.0 |
               +--------+--------+--------+--------+--------+-----+--------+

Top non-repeatable levels by time:
       D: 797 daAuts
